 Dungeon Crawl Stone Soup version 0.18-a0-1702-gd20c6a5 (webtiles) character file.

135 vev the Stinger (level 4, 0/34 HPs)
             Began as a Vampire Venom Mage on Apr 7, 2016.
             Slain by a kobold
             ... wielding a +0 short sword
              (3 damage)
             ... on level 3 of the Dungeon.
             The game lasted 00:05:36 (3771 turns).

vev the Stinger (Vampire Venom Mage)                Turns: 3771, Time: 00:05:37

Health: 0/34       AC:  5    Str:  7 (8)  XL:     4   Next: 97%
Magic:  5/7        EV: 10    Int: 14 (17) God:
Gold:   156        SH:  0    Dex: 12 (14) Spells: 2 memorised, 4 levels left

rFire  . . .     SeeInvis +     s - +0 trident
rCold  + . .     Gourm    .     o - +0 ring mail
rNeg   + + .     Faith    .     (no shield)
rPois  +         Spirit   .     j - +0 hat
rElec  .         Dismiss  .     (no cloak)
rCorr  .         Reflect  .     (no gloves)
SustAt .         Harm     .     (no boots)
MR     .....                    (no amulet)
Stlth  ++........               (no ring)
                                (no ring)

@: very slightly contaminated, regenerating slowly, not resistant to hostile
enchantments, unstealthy
A: fangs 3, see invisible, unbreathing
a: Bat Form


You were on level 3 of the Dungeon.
You were very thirsty.

You visited 1 branch of the dungeon, and saw 3 of its levels.

You collected 156 gold pieces.

Inventory:

Hand Weapons
 n - a +0 whip
 s - a +0 trident (weapon)
Armour
 a - a +0 robe
 j - a +0 hat (worn)
 o - a +0 ring mail (worn)
Scrolls
 c - a scroll of teleportation {unknown}
 e - a scroll of random uselessness {unknown}
 f - 5 scrolls of identify {unknown}
 k - 2 scrolls of remove curse {unknown}
 p - a scroll of immolation {unknown}
Potions
 h - a potion of curing {unknown}
 i - a potion of magic
 l - a potion of resistance {unknown}
 m - a potion of ambrosia {unknown}
 q - 9 potions of blood
 r - a potion of mutation {unknown}
 t - a potion of might {unknown}
Books
 b - a Young Poisoner's Handbook

   Spells                             Type                      Level
   a - Sting                          Conjuration/Poison           1
   b - Cure Poison                    Poison                       2
   c - Mephitic Cloud                 Conjuration/Poison/Air       3
   d - Olgreb's Toxic Radiance        Poison                       4
   e - Venom Bolt                     Conjuration/Poison           5


   Skills:
 - Level 2.4 Fighting
 + Level 2.9 Armour
 - Level 2.1 Dodging
 - Level 3.0 Stealth
 - Level 2.0 Spellcasting
 - Level 3.6 Poison Magic


You had 4 spell levels left.
You knew the following spells:

 Your Spells              Type           Power        Failure   Level  Hunger
a - Sting                 Conj/Pois      #...         38%         1    ##.....
b - Cure Poison           Pois           ##........   28%         2    ###....


Dungeon Overview and Level Annotations

Branches:
Dungeon (3/15)

Altars:
Fedhas
Sif Muna
Zin


Innate Abilities, Weirdness & Mutations

You heal slowly.
You have razor-sharp teeth.
You have supernaturally acute eyesight.
You can survive without breathing.


Message History

The orc wizard is almost dead.
The orc wizard casts a spell at you. The puff of flame hits you!
* * * LOW HITPOINT WARNING * * *
You closely miss the orc wizard.
The orc wizard is almost dead.
You feel less confused.
The orc wizard hits you but does no damage.
You hit the orc wizard.
You kill the orc wizard!
The kobold shoots a poisoned needle.
The poisoned needle hits you!
The kobold unwields an uncursed blowgun.
The kobold wields an uncursed short sword.
The kobold hits you but does no damage.
Things that are here:
a dagger; a robe; a club You hit the kobold.
The kobold is heavily wounded.
The kobold hits you with an uncursed short sword.
You die...

......>.###########.
.......(#...#.......
#......)..(.....#
#..).....K..%.### ..#
#......##....).#######..#
#..K..# #..o.#...........
#.....######g...#...[....
...........####.#........
#..... #.(@K...........
... .########...........
.# .... ####........ ..
#..# ####....#.### ..
#...##........... ..
#......##.##.....##.#
#.##.###.#.##.#.##.#.
#....# .. ...###...#.
###..###.#.##.#.##.#.


You could see a kobold.

Vanquished Creatures
  An orc wizard (D:3)
  5 adders
  2 worms
  3 dart slugs (D:1)
  3 giant geckos
  A ball python (D:2)
  10 bats
  3 giant cockroaches
  5 goblins (D:2)
  7 hobgoblins
  A quokka (D:3)
  A giant newt (D:2)
  4 kobolds
  6 rats
52 creatures vanquished.

Notes
Turn   | Place    | Note
--------------------------------------------------------------
     0 | D:1      | vev the Vampire Venom Mage began the quest for the Orb.
     0 | D:1      | Reached XP level 1. HP: 13/13 MP: 3/3
   293 | D:1      | Reached skill level 1 in Fighting
   344 | D:1      | Reached XP level 2. HP: 16/21 MP: 0/5
  1417 | D:2      | Reached XP level 3. HP: 27/28 MP: 6/6
  2005 | D:2      | Reached skill level 1 in Armour
  2666 | D:2      | Found a deep blue altar of Sif Muna.
  2979 | D:2      | Reached XP level 4. HP: 28/34 MP: 7/7
  2980 | D:2      | Found a blossoming altar of Fedhas.
  2980 | D:2      | Found a glowing silver altar of Zin.
  3601 | D:3      | Learned a level 2 spell: Cure Poison
  3771 | D:3      | Slain by a kobold

Vault maps used:
D:1:      minmay_arrival_jagged
D:2:      old_standard_altar, amethyst_overflow_temple_binary, first_bread
D:3:      nicolae_ru_great_annihilating_truth, minmay_ruptured

Skill      XL: |  1  2  3  4 |
---------------+-------------+-----
Fighting       | 1 2 |  2.4
Armour         | 1 2 |  2.9
Dodging        | |  2.1
Stealth        | |  3.0
Spellcasting   | |  2.0
Poison Magic   | |  3.6

Action                   |  1- 3 |  4- 6 || total
-------------------------+-------+-------++-------
Melee: Unarmed           |    17 |       ||    17
       Whip              |    80 |    62 ||   142
       Trident           |       |    16 ||    16
 Cast: Sting             |    45 |    16 ||    61
  Use: Potion            |     2 |     4 ||     6
 Stab: Sleeping          |     9 |     1 ||    10
